[Event "*** Titled Tuesday Blitz"]
[Site "Chess.com"]
[Date "2021.02.09"]
[Round "8"]
[White "Grammnik"]
[Black "ybruned"]
[Result "1/2-1/2"]
[WhiteElo "2411"]
[BlackElo "2292"]
[TimeControl "180+1"]
[EndTime "11:28:03 PST"]
[Termination "Game drawn by repetition"]

1. d4 Nf6 2. Nf3 e6 3. c4 b6 4.
Nc3 Bb4 5. Bg5 h6 6. Bh4 g5 7. Bg3 Ne4 8. Qc2 Bb7 9. Nd2 Bxc3 10. bxc3 Nxd2 11. Qxd2 d6 12. h4 Rg8 13. hxg5 hxg5 14.
f3 Nd7 15. e4 Qe7 16. Bd3 O-O-O 17. O-O-O Rh8 18. Kb2 e5 19. Rdf1 f6 20. Bf2 Qg7 21. g4 Rxh1 22. Rxh1 Rh8 23. Qe1 Rxh1 24. Qxh1 Nf8 25.
Qh5 Ng6 26. Bg3 c5 27. d5 Kc7 28. Bc2 Bc8 29. Ba4 Bd7 30. Bxd7 Kxd7 31. Kb3 Kc7 32. a4 a6 33. Ka3 Kb7 34. Kb3 Ka7 35. Ka3 Kb7 36. Kb3 Ka7 37. Ka3 Kb7 1/2-1/2

[Event "*** Titled Tuesday Blitz"]
[Site "Chess.com"]
[Date "2021.02.09"]
[Round "8"]
[White "AldokhinIvan"]
[Black "Nikolaj_6"]
[Result "0-1"]
[WhiteElo "2470"]
[BlackElo "2641"]
[TimeControl "180+1"]
[EndTime "11:28:04 PST"]
[Termination "Nikolaj_6 won by resignation"]

1. e4 c5 2. Nf3 d6 3. d4 cxd4 4.
Nxd4 Nf6 5. Nc3 a6 6. Bc4 e6 7. Bb3 b5 8. O-O b4 9. Na4 Bd7 10. f4 Nc6 11. Be3 Rb8 12. f5 Nxd4 13. Bxd4 e5 14. Ba7 Rb7 15. Be3 Be7 16. c4 O-O 17. c5 Bb5 18. Re1 dxc5 19. Nxc5 Rc7 20. Na4 Rd7 21. Qf3 Bc6 22. Bb6 Qa8 23. Nc5 Rd4 24.
Ne6 Rxe4 25. Qg3 fxe6 26. fxe6 Rxe1+ 27. Rxe1 e4 28. Kh1 Bd5 29. Qc7 Qb7 30. Bxd5 Qxc7 31.
Bxc7 Nxd5 0-1

[Event "*** Titled Tuesday Blitz"]
[Site "Chess.com"]
[Date "2021.02.09"]
[Round "8"]
[White "Skatchkov_V"]
[Black "leoduarte"]
[Result "1-0"]
[WhiteElo "2539"]
[BlackElo "2394"]
[TimeControl "180+1"]
[EndTime "11:28:06 PST"]
[Termination "Skatchkov_V won on time"]

1. d4 Nf6 2. c4 c5 3. d5 b5 4. Nf3 g6 5. Qc2 Bg7 6. e4 d6 7.
cxb5 a6 8. Nc3 O-O 9. a4 e6 10. dxe6 fxe6 11. Be2 d5 12. exd5 exd5 13. O-O Bf5 14. Qb3 Kh8 15. Bg5 c4 16. Qb4 d4 17.
Rad1 d3 18. Qxc4 dxe2 19. Rxd8 exf1=Q+ 20. Kxf1 Rxd8 21. Ne5 Bd3+ 22. Nxd3 axb5 23. Qe6 Ra6 24. Qe7 Re8 25. Qb7 Rd6 26. Ne5 Rxe5 27. Qxb8+ Ne8 28. Bf4 1-0

[Event "*** Titled Tuesday Blitz"]
[Site "Chess.com"]
[Date "2021.02.09"]
[Round "8"]
[White "jamalm2"]
[Black "beto-betun"]
[Result "0-1"]
[WhiteElo "1938"]
[BlackElo "2187"]
[TimeControl "180+1"]
[EndTime "11:28:06 PST"]
[Termination "beto-betun won on time"]

1. e4 c5 2. Nf3 d6 3. Nc3 a6 4.
d4 cxd4 5. Nxd4 Nf6 6. Bg5 e6 7. f4 Be7 8. Qf3 Qc7 9. O-O-O Nbd7 10. Nb3 b5 11. g4 Bb7 12. Bxf6 Nxf6 13. g5 Nd7 14.
Bd3 Rc8 15. Kb1 b4 16. Ne2 a5 17. Ned4 a4 18. Nb5 Qb6 19. N3d4 O-O 20. Qh3 Nc5 21.
f5 Nxd3 22. Rxd3 Bxe4 23. Rhd1 e5 24. f6 exd4 25. fxe7 Rfe8 26. Nxd4 b3 27. axb3 Bxd3 28. Rxd3 axb3 29. Nxb3 Qg1+ 30. Nc1 Qxg5 31. Rxd6 Qxe7 0-1

[Event "*** Titled Tuesday Blitz"]
[Site "Chess.com"]
[Date "2021.02.09"]
[Round "8"]
[White "SHIVACalypso"]
[Black "crazy_but_lazy"]
[Result "0-1"]
[WhiteElo "2363"]
[BlackElo "2512"]
[TimeControl "180+1"]
[EndTime "11:28:08 PST"]
[Termination "crazy_but_lazy won by resignation"]

1. Nf3 d6 2. c4 c5 3. g3 g6 4. Bg2 Bg7 5. O-O Nc6 6. Nc3 e5 7. d3 Nge7 8. a3 a5 9. Rb1 O-O 10. Ne1 Be6 11. Nd5 f5 12. Nc2 f4 13. b4 axb4 14.
axb4 Bxd5 15. cxd5 Nxb4 16. Nxb4 cxb4 17. Rxb4 Qd7 18. Qb3 Rfb8 19. gxf4 exf4 20. Bxf4 Nf5 21. Rb1 Nd4 22. Qd1 Ra2 23. e3 Ne2+ 24. Kh1 Nc3 25. Qb3 Rxf2 26. Rxb7 Rxb7 27. Qxb7 Qg4 28. Rg1 Ne2 29.
Bg3 Nxg3+ 30. hxg3 Qh5+ 0-1

[Event "*** Titled Tuesday Blitz"]
[Site "Chess.com"]
[Date "2021.02.09"]
[Round "8"]
[White "Chessmasterzt"]
[Black "Deepweb2020"]
[Result "1-0"]
[WhiteElo "2613"]
[BlackElo "2468"]
[TimeControl "180+1"]
[EndTime "11:28:10 PST"]
[Termination "Chessmasterzt won by checkmate"]

1. d4 Nf6 2. c4 e6 3. g3 d5 4. Bg2 dxc4 5. Nf3 Bd7 6. O-O Bc6 7. Qc2 b5 8. b3 cxb3 9. axb3 Be7 10. Bg5 Be4 11. Qc1 O-O 12. Nc3 Bc6 13. Rd1 b4 14.
Na4 a5 15. Nc5 Nfd7 16. Bxe7 Qxe7 17. Nd3 Bd5 18. Qxc7 Bxb3 19. Rxa5 Rxa5 20. Qxa5 Bxd1 21. Qh5 Bxe2 22. Nf4 Bxf3 23. Bxf3 Nf6 24. Qg5 h6 25. Qb5 Nbd7 26. g4 e5 27. Nd5 Nxd5 28. Bxd5 Rb8 29. Qc4 b3 30. Be4 b2 31. Bb1 exd4 32. Qd3 Ne5 33.
Qh7+ Kf8 34. Qh8# 1-0

[Event "*** Titled Tuesday Blitz"]
[Site "Chess.com"]
[Date "2021.02.09"]
[Round "8"]
[White "MFguimaraes"]
[Black "GMJustin"]
[Result "1-0"]
[WhiteElo "2424"]
[BlackElo "2286"]
[TimeControl "180+1"]
[EndTime "11:28:10 PST"]
[Termination "MFguimaraes won on time"]

1. e4 e5 2. Nf3 Nc6 3. Bc4 Nf6 4. Ng5 d5 5. exd5 Nxd5 6. d4 Be7 7. Nxf7 Kxf7 8.
Qf3+ Ke6 9. Nc3 Nxd4 10. Bxd5+ Kd6 11. Qd3 c6 12. Be4 Kc7 13. Be3 g6 14. O-O-O Be6 15. f4 Nf5 16. Qe2 Qf8 17. fxe5 Nxe3 18. Qxe3 Qg7 19.
Bf3 Rhf8 20. Rd6 Bxd6 21. exd6+ Kxd6 22. Rd1+ Ke7 23. Ne4 Rf5 24. Nc5 Qe5 25. Ne4 1-0

[Event "*** Titled Tuesday Blitz"]
[Site "Chess.com"]
[Date "2021.02.09"]
[Round "8"]
[White "Alindsay211"]
[Black "L1m96"]
[Result "1-0"]
[WhiteElo "2434"]
[BlackElo "2534"]
[TimeControl "180+1"]
[EndTime "11:28:11 PST"]
[Termination "Alindsay211 won on time"]

1. d4 Nf6 2. Bf4 c5 3. c3 Qb6 4.
Qc1 cxd4 5. cxd4 Nc6 6. e3 d5 7. Nc3 Bf5 8. Nf3 e6 9. Nh4 Bg4 10. f3 Bh5 11. Be2 Be7 12. O-O O-O 13. Bd3 Nd7 14. g4 Bxh4 15. gxh5 Bf6 16. Kh1 Kh8 17. h6 g6 18. Qd2 Rac8 19. Rac1 a6 20. Qg2 Na5 21. Rc2 Nc4 22. a3 Qd8 23. Nd1 b5 24. b3 Nxa3 25. Rxc8 Qxc8 26. Bd6 b4 27. Bxb4 Nb5 28. Bxb5 axb5 29. Bxf8 Qxf8 30. Qe2 b4 31. Qb5 Qe7 32. f4 Nf8 33. Nf2 1-0

[Event "*** Titled Tuesday Blitz"]
[Site "Chess.com"]
[Date "2021.02.09"]
[Round "8"]
[White "Trovita84"]
[Black "LenkaPtacnikova"]
[Result "0-1"]
[WhiteElo "1969"]
[BlackElo "2124"]
[TimeControl "180+1"]
[EndTime "11:28:11 PST"]
[Termination "LenkaPtacnikova won by resignation"]

1. e4 g6 2. d4 Bg7 3. Nf3 c5 4. c3 Nf6 5. Bd3 cxd4 6. cxd4 O-O 7. O-O d5 8. e5 Ne8 9. Nc3 Nc6 10. a3 Bg4 11.
Be2 Nc7 12. Be3 Na5 13. h3 Bxf3 14. Bxf3 Nc4 15. Bc1 b5 16. Qe2 a6 17. a4 b4 18.
Nxd5 Nxd5 19. Qxc4 e6 20. Bd2 a5 21. Rac1 Nb6 22. Qb5 Nd5 23. b3 Rb8 24. Qa6 Nc3 25. Qd3 Bxe5 26. Bxc3 bxc3 27. Rxc3 Bxd4 28. Rc4 Bxf2+ 0-1

[Event "*** Titled Tuesday Blitz"]
[Site "Chess.com"]
[Date "2021.02.09"]
[Round "8"]
[White "kubal123"]
[Black "WiktoriaPOL"]
[Result "1-0"]
[WhiteElo "2202"]
[BlackElo "2022"]
[TimeControl "180+1"]
[EndTime "11:28:13 PST"]
[Termination "kubal123 won on time"]

1. d4 d5 2. c4 e5 3. dxe5 d4 4. Nf3 c5 5. g3 Nc6 6. Bg2 g6 7. O-O Bg7 8. Bf4 Nge7 9. Nbd2 O-O 10. Ne4 b6 11. Nd6 Nf5 12. Nxc8 Rxc8 13. Qa4 Re8 14. Rad1 Nxe5 15. Nxe5 Bxe5 16. Bxe5 Rxe5 17. Qxa7 Rxe2 18. Rfe1 Rxe1+ 19. Rxe1 Qd6 20. Bd5 Rf8 21. a4 Qb8 22. Qxb8 Rxb8 23. g4 Nd6 24. Re7 Rd8 25. Kf1 Kf8 26. Rc7 d3 27. Ke1 d2+ 28. Kd1 Kg8 29.
Rc6 Rd7 30. Rxb6 Kg7 31. Rc6 h5 32. gxh5 gxh5 33. Rxc5 f6 34. a5 Kg6 35. a6 1-0

[Event "*** Titled Tuesday Blitz"]
[Site "Chess.com"]
[Date "2021.02.09"]
[Round "8"]
[White "Khnykin_Nikolay"]
[Black "lacafi"]
[Result "1-0"]
[WhiteElo "2066"]
[BlackElo "2186"]
[TimeControl "180+1"]
[EndTime "11:28:16 PST"]
[Termination "Khnykin_Nikolay won on time"]

1. e4 c6 2. d4 d5 3. Bd3 dxe4 4.
Bxe4 Nf6 5. Bf3 e6 6. Ne2 Nbd7 7. O-O Bd6 8. Nbc3 Qc7 9. h3 O-O 10. Bg5 Rb8 11. Re1 b5 12. a3 a5 13. Qd3 Bb7 14.
d5 exd5 15. Nd4 b4 16. axb4 axb4 17. Na2 h6 18. Bh4 Nc5 19. Qd2 Nce4 20. Bxe4 Nxe4 21.
Rxe4 dxe4 22. Nf5 Bf4 23. Qxb4 c5 24. Qc3 Be5 25. Qe3 Bxb2 26. Rb1 Bd5 27. Ne7+ Qxe7 28. Bxe7 Bd4 29. Rxb8 Rxb8 30. Qg3 1-0

[Event "*** Titled Tuesday Blitz"]
[Site "Chess.com"]
[Date "2021.02.09"]
[Round "8"]
[White "ChelsieMonica"]
[Black "IngOscarArdila"]
[Result "1-0"]
[WhiteElo "2347"]
[BlackElo "2165"]
[TimeControl "180+1"]
[EndTime "11:28:17 PST"]
[Termination "ChelsieMonica won by resignation"]

1. e4 e5 2. Nf3 Nc6 3. Bc4 Be7 4.
O-O Nf6 5. d4 d6 6. dxe5 dxe5 7.
Qxd8+ Bxd8 8. Nc3 O-O 9. Bg5 h6 10. Bxf6 Bxf6 11. h3 Nb4 12. Rac1 a5 13. a3 Na6 14.
Nd5 c6 15. Nxf6+ gxf6 16. Bxa6 Rxa6 17. Rfe1 Rb6 18. b3 a4 19. b4 Be6 20. Red1 Ra6 21. Rd6 Raa8 22. Rcd1 Rfe8 23. Ne1 f5 24. f3 fxe4 25. fxe4 f6 26. Nd3 Rad8 27. Nc5 Rxd6 28. Rxd6 Bc8 29. Rxf6 Kg7 30. Rd6 h5 31. Nxa4 Kf7 32.
Nb6 Be6 33. c4 Ke7 34. c5 Rf8 35. a4 Rf4 36. b5 Rxe4 37. bxc6 Re1+ 38. Kf2 Rc1 39.
cxb7 Rc2+ 40. Kg3 Rc3+ 41. Kh4 1-0

[Event "*** Titled Tuesday Blitz"]
[Site "Chess.com"]
[Date "2021.02.09"]
[Round "8"]
[White "Yaryi_sergey"]
[Black "LamaChampetre"]
[Result "1-0"]
[WhiteElo "2472"]
[BlackElo "2232"]
[TimeControl "180+1"]
[EndTime "11:28:18 PST"]
[Termination "Yaryi_sergey won on time"]

1. e4 c5 2. d3 g6 3. h4 Bg7 4. h5 Nc6 5. h6 Bf6 6. g4 e6 7. Nc3 d5 8. Nf3 Bxc3+ 9. bxc3 dxe4 10. dxe4 Qxd1+ 11. Kxd1 Nf6 12. Nd2 Nxg4 13. Ke2 e5 14. f3 Nf6 15. Nc4 Ke7 16. Bg5 Be6 17. Ne3 Rhd8 18. Kf2 Rd2+ 19. Be2 Rd6 20. c4 b6 21. Nd5+ Bxd5 22. cxd5 Nd4 23. Bd1 Kf8 24. c3 Nb5 25. Rc1 Ng8 26. Be2 Nc7 27. a4 f6 28. Be3 g5 29. a5 Kf7 30. Ra1 Rb8 31. axb6 axb6 32. Ra7 Rd7 33. d6 Rc8 34. Bc4+ Kf8 35.
Rxc7 Rcxc7 36. dxc7 Rxc7 37. Rb1 Nxh6 38. Rxb6 Kg7 39.
Rb5 g4 40. Rxc5 Rb7 41. Be6 gxf3 42. Kxf3 Nf7 43. Bxf7 Kxf7 44. Rc8 1-0

[Event "*** Titled Tuesday Blitz"]
[Site "Chess.com"]
[Date "2021.02.09"]
[Round "8"]
[White "ckgchess"]
[Black "chescomhuynya"]
[Result "1-0"]
[WhiteElo "2730"]
[BlackElo "2504"]
[TimeControl "180+1"]
[EndTime "11:28:19 PST"]
[Termination "ckgchess won by resignation"]

1. e4 c5 2. c3 d5 3. exd5 Qxd5 4.
d4 Nf6 5. Nf3 Bg4 6. Be2 e6 7. h3 Bh5 8. O-O Nc6 9. Be3 cxd4 10. cxd4 Be7 11. Nc3 Qd6 12. Qb3 O-O 13. Rfd1 Rfd8 14.
Rac1 a6 15. Na4 Nd5 16. Nc5 Na5 17. Qa4 Nxe3 18. fxe3 b6 19. b4 bxc5 20. Qxa5 Bxf3 21. Bxf3 cxd4 22. Bxa8 Rxa8 23. Qc7 Qxb4 24. Rxd4 Qa3 25. Rc3 Qb2 26. Qxe7 1-0

[Event "*** Titled Tuesday Blitz"]
[Site "Chess.com"]
[Date "2021.02.09"]
[Round "8"]
[White "Artem_Sadovsky"]
[Black "eduardoperalta"]
[Result "1-0"]
[WhiteElo "2544"]
[BlackElo "2402"]
[TimeControl "180+1"]
[EndTime "11:28:21 PST"]
[Termination "Artem_Sadovsky won by checkmate"]

1. Nf3 Nf6 2. c4 g6 3. b3 Bg7 4. Bb2 O-O 5. e3 c5 6. Be2 Nc6 7. O-O d6 8. d4 Bf5 9. d5 Na5 10. Nbd2 a6 11. a4 Rb8 12. Bc3 Bg4 13. Qc2 Bxf3 14. Nxf3 b6 15. e4 Nd7 16. Bxg7 Kxg7 17. Qc3+ Kg8 18. h4 Nf6 19. e5 dxe5 20. Nxe5 Qd6 21.
Bf3 Nxb3 22. Qxb3 Qxe5 23. Rae1 Qd6 24. a5 bxa5 25. Qc3 Rb4 26. h5 a4 27. h6 Re8 28.
Re4 Rb3 29. Qa1 a3 30. Rfe1 Reb8 31. Rxe7 Qxe7 32. Rxe7 Rb1+ 33. Re1 Rxa1 34. Rxa1 Rb3 35.
Bd1 Rc3 36. Rb1 Kf8 37. d6 Ke8 38. Ba4+ Nd7 39. Rb8# 1-0

[Event "*** Titled Tuesday Blitz"]
[Site "Chess.com"]
[Date "2021.02.09"]
[Round "8"]
[White "enriquebutti"]
[Black "northridgehawk"]
[Result "1-0"]
[WhiteElo "2188"]
[BlackElo "2325"]
[TimeControl "180+1"]
[EndTime "11:28:21 PST"]
[Termination "enriquebutti won by resignation"]

1. d4 f5 2. Nf3 Nf6 3. g3 g6 4. Bg2 Bg7 5. O-O O-O 6. b3 d6 7. Bb2 e5 8. dxe5 Ng4 9. Qc1 Nxe5 10. c4 Nbc6 11. Nc3 Be6 12. Rd1 Qe7 13. Nd5 Bxd5 14. cxd5 Nb4 15. Nd4 Rae8 16. Ne6 Nf7 17. Bxg7 Ne5 18.
Bxf8 Rxf8 19. Nxf8 Qxf8 20. Qxc7 Qf6 21. a3 Na6 22.
Qxb7 Nc5 23. Qb8+ Kg7 24. Rac1 Ncd7 25. Qxa7 Kh6 26. Rc7 Nf8 27. b4 f4 28. b5 fxg3 29.
hxg3 Kh5 30. b6 h6 31. b7 g5 32. b8=Q Nfg6 33. Qe8 Qf5 34. Rf7 Qc2 35. Rf1 Qxe2 36. Rf6 g4 37. Qae7 Qd3 38. Rxg6 Nf3+ 39. Bxf3 Qxf1+ 40. Kxf1 1-0

[Event "*** Titled Tuesday Blitz"]
[Site "Chess.com"]
[Date "2021.02.09"]
[Round "8"]
[White "DarZay"]
[Black "orrbaverlekszarnyon"]
[Result "1-0"]
[WhiteElo "2156"]
[BlackElo "2276"]
[TimeControl "180+1"]
[EndTime "11:28:21 PST"]
[Termination "DarZay won by resignation"]

1. e4 c5 2. Nf3 d6 3. d4 cxd4 4. Nxd4 Nf6 5. Nc3 g6 6. Bb5+ Bd7 7. Bc4 Bg7 8. O-O O-O 9. f4 Nc6 10. Be3 Ng4 11. Nxc6 Nxe3 12. Nxd8 Nxd1 13. Nxf7 Nxc3 14. Ng5+ Kh8 15. bxc3 Bxc3 16. Rab1 b6 17. Rf3 Bd4+ 18. Kh1 Rac8 19. Bb3 Kg7 20. Rd1 Bf6 21. Be6 Bxg5 22.
Bxd7 Rc7 23. fxg5 Rxd7 24. Rxf8 Kxf8 25. e5 d5 26. c4 e6 27. Kg1 Ke7 28. Rd4 dxc4 29.
Rxc4 Kd8 30. a4 Rd5 31. Re4 Rd2 32. Rh4 Ra2 33. h3 a6 34. Kf1 Kd7 35. Rxh7+ Kc6 36.
Rg7 Rxa4 37. Rxg6 Kd5 38. Rf6 Kxe5 39. Rf8 Rc4 40. g6 Rc7 41. h4 b5 42. Rf7 Rc8 43.
g7 Rg8 44. h5 b4 45. h6 b3 46. Rb7 Kf6 47. h7 1-0

[Event "*** Titled Tuesday Blitz"]
[Site "Chess.com"]
[Date "2021.02.09"]
[Round "8"]
[White "Onischuk_V"]
[Black "jefferyx"]
[Result "1-0"]
[WhiteElo "2839"]
[BlackElo "2978"]
[TimeControl "180+1"]
[EndTime "11:28:24 PST"]
[Termination "Onischuk_V won by resignation"]

1. e4 c5 2. Nf3 d6 3. d4 cxd4 4.
Nxd4 Nf6 5. Nc3 a6 6. a4 g6 7. g3 Bg7 8. Bg2 O-O 9. O-O Nc6 10.
Nde2 Bd7 11. h3 Rb8 12. Nd5 Ne8 13. c3 e6 14. Nb4 Nxb4 15. cxb4 Qb6 16. Qb3 Qd8 17.
Be3 b5 18. a5 Bc6 19. Rac1 Qd7 20. Bb6 Nf6 21. Nd4 Ba8 22. Rc7 Qe8 23. Rfc1 Nxe4 24. Qe3 Nf6 25. Nc6 Kh8 26. Re7 Qc8 27. Na7 1-0

[Event "*** Titled Tuesday Blitz"]
[Site "Chess.com"]
[Date "2021.02.09"]
[Round "8"]
[White "Dahamdi_Sanudula"]
[Black "lamomiablanca"]
[Result "0-1"]
[WhiteElo "1765"]
[BlackElo "2265"]
[TimeControl "180+1"]
[EndTime "11:28:25 PST"]
[Termination "lamomiablanca won by checkmate"]

1. d4 Nf6 2. e3 d6 3. Bd3 g6 4. f4 Bg7 5. Nf3 O-O 6. O-O Nbd7 7. c3 b6 8. Nbd2 Bb7 9. Qe2 Re8 10. e4 e5 11. fxe5 dxe5 12. d5 Nc5 13. Bb1 Ba6 14.
c4 c6 15. b4 Nb7 16. Bd3 cxd5 17. cxd5 Bxd3 18. Qxd3 Nd6 19. a4 Rc8 20. Bb2 Nd7 21. Rac1 a5 22. Bc3 axb4 23. Bxb4 Nc5 24. Bxc5 bxc5 25.
Nc4 Nb7 26. Qc3 Ra8 27. Ra1 Ra6 28. Qd2 Qd7 29. Qc2 Rea8 30. Nfxe5 Qe8 31. Qb2 Nd8 32.
Qc3 Rxa4 33. Rxa4 Rxa4 34. Qg3 Bxe5 35. Nxe5 Rxe4 36. Nc6 Nxc6 37. dxc6 Qxc6 38. Qf3 Qe6 39. Qf2 c4 40. Qa7 c3 41. Qa8+ Kg7 42. Qa1 Qe5 43.
Rc1 Rc4 44. Qa2 Qc5+ 45. Kh1 c2 46. Qb2+ Qd4 47. Qa2 Qd1+ 48. Rxd1 cxd1=Q# 0-1

[Event "*** Titled Tuesday Blitz"]
[Site "Chess.com"]
[Date "2021.02.09"]
[Round "8"]
[White "politeplayer"]
[Black "Unknown_IM"]
[Result "1-0"]
[WhiteElo "2205"]
[BlackElo "2341"]
[TimeControl "180+1"]
[EndTime "11:28:29 PST"]
[Termination "politeplayer won by resignation"]

1. d4 d5 2. e4 dxe4 3. Nc3 Nf6 4. f3 exf3 5. Nxf3 c6 6. Bc4 h6 7. O-O e6 8. Bf4 Nbd7 9. Qe2 Be7 10. Rae1 O-O 11.
Kh1 Nd5 12. Bxd5 cxd5 13. Nxd5 Nf6 14. Nc7 Rb8 15. Nb5 Ra8 16. Nc7 Nd5 17. Nxd5 Qxd5 18. c3 b6 19. Ne5 Bb7 20. Qg4 Kh8 21. Re3 Bf6 22. Bxh6 Bxe5 23. Bxg7+ Bxg7 24. Rh3+ Kg8 25. Rg3 Qxg2+ 26. Rxg2 Bxg2+ 27. Qxg2 Kh7 28. Qh3+ Kg8 29.
Rg1 1-0

[Event "*** Titled Tuesday Blitz"]
[Site "Chess.com"]
[Date "2021.02.09"]
[Round "8"]
[White "Kovalchuk94"]
[Black "capatl"]
[Result "1-0"]
[WhiteElo "2647"]
[BlackElo "2505"]
[TimeControl "180+1"]
[EndTime "11:28:32 PST"]
[Termination "Kovalchuk94 won on time"]

1. e4 c5 2. Nf3 e6 3. d4 cxd4 4. Nxd4 a6 5. Bd3 d6 6. O-O Nf6 7. Qe2 Qc7 8. c4 Nbd7 9. Nc3 Be7 10. f4 b6 11. f5 e5 12. Nb3 Bb7 13. Bd2 Nc5 14.
Nxc5 bxc5 15. g4 Nd7 16. g5 Qd8 17. Qh5 g6 18. fxg6 fxg6 19. Qf3 Rf8 20. Qg4 Rxf1+ 21. Rxf1 Nf8 22. Qf3 Kd7 23. h4 Kc8 24. Qf7 Kb8 25.
Be3 Ra7 26. b4 Bc8 27. Nd5 Be6 28. Qg7 Bxd5 29. cxd5 Qc8 30. bxc5 Qg4+ 31. Kf2 Qxh4+ 32. Ke2 Qh2+ 33. Rf2 Qh5+ 34. Kd2 Bxg5 35. Rxf8+ 1-0

[Event "*** Titled Tuesday Blitz"]
[Site "Chess.com"]
[Date "2021.02.09"]
[Round "8"]
[White "mr65"]
[Black "Trickster_Pony"]
[Result "1-0"]
[WhiteElo "2099"]
[BlackElo "1490"]
[TimeControl "180+1"]
[EndTime "11:28:33 PST"]
[Termination "mr65 won by resignation"]

1. e4 c5 2. d4 cxd4 3. c3 dxc3 4. Nxc3 Nc6 5. Nf3 d6 6. Bc4 a6 7. O-O Nf6 8. e5 dxe5 9. Qxd8+ Nxd8 10. Nxe5 Be6 11.
Be2 g6 12. Na4 Nd5 13. Bf3 Nc6 14. Bxd5 Bxd5 15. Nb6 Rd8 16. Nxd5 Rxd5 17. Nxc6 bxc6 18. Be3 Bg7 19. Rac1 Bxb2 20. Rxc6 O-O 21. Rxa6 Rb8 22. Rb1 Be5 23. Rxb8+ Bxb8 24. g3 Kg7 25. a4 Bc7 26. Ra7 Bd6 27. a5 Bc5 28. Bxc5 Rxc5 29. Rxe7 Rxa5 30. Kg2 Rf5 31. h4 h5 32. Re3 Rf6 33. Rf3 Rxf3 34. Kxf3 Kf6 35. Kf4 Ke6 36. Ke4 Kd6 37.
Kf4 Ke6 38. Kg5 Ke5 39. f3 Kd4 40. Kf6 Ke3 41. Kxf7 Kxf3 42. Kxg6 Kg4 43. Kh6 Kxg3 44. Kxh5 Kf4 45. Kg6 Ke5 46. h5 Ke6 47. h6 Ke7 48. h7 1-0

[Event "*** Titled Tuesday Blitz"]
[Site "Chess.com"]
[Date "2021.02.09"]
[Round "8"]
[White "HackingKid98"]
[Black "QuintilianoR"]
[Result "0-1"]
[WhiteElo "2477"]
[BlackElo "2682"]
[TimeControl "180+1"]
[EndTime "11:28:35 PST"]
[Termination "QuintilianoR won by resignation"]

1. d4 d5 2. c4 c6 3. Nf3 Nf6 4. g3 Bf5 5. Nc3 e6 6. Nh4 dxc4 7. Nxf5 exf5 8. e3 Bd6 9. Bxc4 O-O 10. O-O Nbd7 11.
Be2 Nb6 12. Bf3 Qe7 13. b3 Bb4 14. Bb2 Bxc3 15. Bxc3 Nbd5 16. Rc1 Ne4 17. Bb2 Rad8 18. a3 Rfe8 19. Qc2 g6 20. Rfd1 Qe6 21. Bg2 h5 22. b4 a6 23. Qb3 h4 24. a4 hxg3 25. hxg3 Qf6 26. b5 axb5 27. axb5 Re6 28. bxc6 bxc6 29. Rc2 Qg5 30. Rdc1 Nxg3 31. fxg3 Rxe3 32. Qc4 Rxg3 33.
Qxc6 Ne3 34. d5 Rxg2+ 0-1

[Event "*** Titled Tuesday Blitz"]
[Site "Chess.com"]
[Date "2021.02.09"]
[Round "8"]
[White "sara_khm"]
[Black "erlesfar"]
[Result "1-0"]
[WhiteElo "2705"]
[BlackElo "2555"]
[TimeControl "180+1"]
[EndTime "11:28:36 PST"]
[Termination "sara_khm won by checkmate"]

1. d4 Nf6 2. c4 c5 3. d5 b5 4. Qc2 Na6 5. a3 Qa5+ 6. Bd2 Nb4 7. Qb3 bxc4 8. Qxc4 Ba6 9. Bxb4 cxb4 10. Qxb4 Qxd5 11. e4 Qe6 12. Bxa6 Qxa6 13. e5 e6 14. Qd4 Nd5 15.
Ne2 Rc8 16. Nbc3 Bc5 17. Qg4 Nxc3 18. Nxc3 O-O 19. Rd1 Qb6 20. Qe2 Bxa3 21. bxa3 Rxc3 22. O-O Rxa3 23. Rxd7 g6 24. h4 h5 25. Rfd1 Ra4 26. g3 Rg4 27. Qf3 a5 28. R1d6 Qb4 29. Rd8 a4 30. Rxf8+ Kxf8 31. Rd8+ Kg7 32. Qf6+ Kh7 33. Rh8# 1-0

[Event "*** Titled Tuesday Blitz"]
[Site "Chess.com"]
[Date "2021.02.09"]
[Round "8"]
[White "GadimbayliA"]
[Black "Pintacara"]
[Result "1-0"]
[WhiteElo "2832"]
[BlackElo "2505"]
[TimeControl "180+1"]
[EndTime "11:28:36 PST"]
[Termination "GadimbayliA won on time"]

1. e4 c5 2. Nf3 e6 3. d4 cxd4 4.
Nxd4 a6 5. Bd3 Qc7 6. O-O Nf6 7. Qe2 d6 8. c4 Nbd7 9. Nc3 Be7 10. Be3 b6 11. Rac1 Bb7 12. f4 h5 13. f5 e5 14.
Nd5 Bxd5 15. cxd5 Qb7 16. Nc6 Nc5 17. Bg5 Nxd5 18. exd5 Bxg5 19. Rc2 f6 20. Be4 a5 21. Bf3 h4 22. Nd4 Ke7 23. Ne6 Rac8 24. Qb5 Nxe6 25.
dxe6 Qa7 26. Rc6 Rc7 27. Rd1 Rhc8 28. Rcxd6 Be3+ 29. Kf1 Bd4 30. Qd5 Rc1 31. Rd7+ 1-0

[Event "*** Titled Tuesday Blitz"]
[Site "Chess.com"]
[Date "2021.02.09"]
[Round "8"]
[White "FMOlexandrProhorov"]
[Black "fabianvivasz"]
[Result "0-1"]
[WhiteElo "2142"]
[BlackElo "2342"]
[TimeControl "180+1"]
[EndTime "11:28:36 PST"]
[Termination "fabianvivasz won by resignation"]

1. d4 Nf6 2. c4 c5 3. Nf3 cxd4 4. Nxd4 e5 5. Nb5 d5 6. cxd5 Bc5 7. N5c3 O-O 8. a3 a5 9. e3 Nbd7 10. Be2 Nb6 11. e4 Ng4 12. Bxg4 Qh4 13. Qf3 Bxg4 14. Qg3 Qh5 15. h3 Bd7 16. O-O f5 17. exf5 Rxf5 18. Be3 Bxe3 19. Qxe3 Nc4 20. Qe2 Qh4 21. b3 Rg5 22.
Kh2 Rxg2+ 23. Kxg2 Bxh3+ 24. Kh2 Bxf1+ 0-1

[Event "*** Titled Tuesday Blitz"]
[Site "Chess.com"]
[Date "2021.02.09"]
[Round "8"]
[White "UCantHandleDenker"]
[Black "Adham_Fawzy"]
[Result "0-1"]
[WhiteElo "2618"]
[BlackElo "2780"]
[TimeControl "180+1"]
[EndTime "11:28:39 PST"]
[Termination "Adham_Fawzy won by resignation"]

1. Nf3 c5 2. d3 Nc6 3. g3 e5 4. Bg2 g6 5. O-O Bg7 6. e4 d6 7.
c3 Nge7 8. a3 O-O 9. b4 h6 10.
Nbd2 a6 11. Nb3 b6 12. Rb1 Be6 13. Be3 a5 14. b5 a4 15. Nbd2 Na5 16. c4 f5 17.
exf5 gxf5 18. Re1 Qd7 19. Nf1 Nb3 20. Nh4 d5 21. Qc2 Rad8 22. Rbd1 f4 23. Bc1 Nd4 24. Qb1 f3 25. Ne3 fxg2 26. Bb2 Bh3 27. Bxd4 exd4 28. Nxd5 Nxd5 29. cxd5 Qf7 30. Qc2 Bf6 31. Nf3 Qxd5 32. Re4 Qf5 33. Rf4 Qh5 34. Re1 Bg5 35. Nxg5 hxg5 36. Rxf8+ Rxf8 37. Qc4+ Kh8 38. Qd5 Qf3 39. Qe5+ Kh7 40. Re2 Qxd3 41. Qe7+ Kg6 42. Re1 Qf1+ 0-1

[Event "*** Titled Tuesday Blitz"]
[Site "Chess.com"]
[Date "2021.02.09"]
[Round "8"]
[White "noblerone"]
[Black "nochewycandy"]
[Result "0-1"]
[WhiteElo "2410"]
[BlackElo "2645"]
[TimeControl "180+1"]
[EndTime "11:28:40 PST"]
[Termination "nochewycandy won on time"]

1. d4 g6 2. Nf3 Bg7 3. Bg5 d6 4. c3 a6 5. a4 b6 6. Nbd2 Bb7 7. e3 Nd7 8. Bc4 h6 9. Bh4 Ngf6 10.
Qc2 c5 11. Ba2 e6 12. Nc4 Qe7 13. Bg3 Ne4 14. Ncd2 Nxg3 15. hxg3 O-O 16. O-O Rac8 17. Qd3 d5 18. Rfe1 Rfd8 19. Qe2 e5 20. dxe5 Nxe5 21. Nxe5 Bxe5 22. Nf3 Bg7 23. Rad1 Qe4 24. Bb3 Ra8 25.
Bc2 Qe6 26. Bb3 Qe4 27. Bc2 Qe8 28. Bb3 Bc6 29. Rd2 c4 30. Bc2 Bxa4 31. Bxa4 Qxa4 32. Red1 Qc6 33. Nd4 Qb7 34. Qf3 Rd6 35. Nc2 Rad8 36. Nb4 b5 37. Nxd5 Kh8 0-1

[Event "*** Titled Tuesday Blitz"]
[Site "Chess.com"]
[Date "2021.02.09"]
[Round "8"]
[White "Etud-otradnoe"]
[Black "Joseacorrea"]
[Result "1-0"]
[WhiteElo "2305"]
[BlackElo "2020"]
[TimeControl "180+1"]
[EndTime "11:28:43 PST"]
[Termination "Etud-otradnoe won on time"]

1. e4 c5 2. c3 d5 3. exd5 Qxd5 4. d4 Nf6 5. Nf3 Nc6 6. Na3 cxd4 7. Nb5 Qd7 8. Nbxd4 a6 9. Be2 Nxd4 10. Qxd4 Qxd4 11. Nxd4 e5 12. Nb3 Be7 13. Be3 Nd5 14. Bc5 Bxc5 15.
Nxc5 b6 16. Bf3 bxc5 17. Bxd5 Rb8 18. O-O-O O-O 19. Rhe1 Re8 20. Bc6 Bg4 21. Bxe8 Bxd1 22. Rxe5 Bg4 23. Bc6 Rc8 24. Re8+ Rxe8 25. Bxe8 Kf8 26.
Bc6 Ke7 27. b4 cxb4 28. cxb4 Be2 29. Kd2 Bc4 30. a3 Kd6 31. Be4 g6 32. Bd3 Kd5 33.
Kc3 Bb5 34. Bxb5 axb5 35. Kb3 1-0